 Dungeon Crawl Stone Soup version 0.27-a0-463-gec7707c53d (webtiles) character file.

Game seed: 8097466926085775101

389 jasper the Sneak (level 6, -6/47 HPs)
             Began as a Demonspawn Brigand on Feb 28, 2021.
             Mangled by an ogre
             ... wielding a +0 giant spiked club
              (29 damage)
             ... on level 4 of the Dungeon.
             The game lasted 00:04:48 (3965 turns).

jasper the Sneak (Demonspawn Brigand)               Turns: 3965, Time: 00:04:48

Health: -6/47      AC:  7    Str: 11    XL:     6   Next: 50%
Magic:  6/6        EV: 10    Int: 15    God:
Gold:   144        SH:  3    Dex: 14    Spells: 5/5 levels left

rFire    . . .     SeeInvis .   a - +2 dagger
rCold    . . .     Faith    .   x - +0 buckler
rNeg     . . .     Spirit   .   p - +0 ring mail
rPois    .         Reflect  .   (no helmet)
rElec    .         Harm     .   c - +0 cloak
rCorr    .         Rampage  .   h - +0 pair of gloves
Will     .....                  (no boots)
Stlth    ++........             (no amulet)
HPRegen  0.15/turn              (no ring)
MPRegen  0.10/turn              (no ring)

@: no status effects
A: powered by death 1, demonic magic 2
a: no special abilities


You were on level 4 of the Dungeon.
You visited 1 branch of the dungeon, and saw 4 of its levels.

You collected 144 gold pieces.

Inventory:

Hand Weapons
 a - a +2 dagger (weapon)
Missiles
 d - 22 poisoned darts (quivered)
 e - 2 curare-tipped darts
 f - 4 javelins
 w - 5 boomerangs
Armour
 b - a +0 robe
 c - a +0 cloak (worn)
 h - a +0 pair of gloves (worn)
 p - a +0 ring mail (worn)
 x - a +0 buckler (worn)
Scrolls
 g - a scroll of fear {unknown}
 k - 2 scrolls of identify {unknown}
 n - 2 scrolls of enchant armour {unknown}
 o - 3 scrolls of teleportation {unknown}
 q - 2 scrolls of noise {unknown}
 s - a scroll of magic mapping {unknown}
 t - a scroll of enchant weapon {unknown}
Potions
 i - a potion of cancellation {unknown}
 j - a potion of invisibility {unknown}
 l - a potion of degeneration {unknown}
 m - a potion of brilliance {unknown}
 r - 3 potions of might {unknown}
 u - a potion of berserk rage {unknown}
 v - 2 potions of mutation {unknown}


   Skills:
 + Level 3.3 Fighting
 - Level 1.7 Short Blades
 + Level 3.0 Throwing
 + Level 3.1 Dodging
 - Level 4.1 Stealth
 + Level 0.6 Shields
 * Level 2.9 Unarmed Combat


You had 5 spell levels left.
You didn't know any spells.
Your spell library was empty.

Dungeon Overview and Level Annotations

Branches:
Dungeon (4/15)
 Temple: D:4-7

Altars:
Nemelex Xobeh
Ru


Innate Abilities, Weirdness & Mutations

You regenerate a little health from kills.
Spells you cast may paralyse nearby enemies.


Message History

The ogre looks even sicker.
The ogre is lightly wounded.
Throw: 26 darts (poison)
Press: ? - help, Q - select action, (/) - cycle Shift-Dir - straight line, f - you Really target yourself? [Y]es or [N]o only, please.
Really target yourself?
Okay, then.
Throw: 26 darts (poison)
Press: ? - help, Q - select action, (/) - cycle Shift-Dir - straight line, f - ogre
Aim: an ogre, wielding a +0 giant spiked club (moderately wounded, very poisoned, 75% to hit)
You throw a poisoned dart. The poisoned dart hits the ogre.
The ogre looks even sicker.
The ogre is moderately wounded.
Throw: 25 darts (poison)
Press: ? - help, Q - select action, (/) - cycle Shift-Dir - straight line, f/p - ogre
Aim: an ogre, wielding a +0 giant spiked club (moderately wounded, very poisoned, 75% to hit)
You throw a poisoned dart.
The poisoned dart barely misses the ogre.
Throw: 24 darts (poison)
Press: ? - help, Q - select action, (/) - cycle Shift-Dir - straight line, f/p - ogre
Aim: an ogre, wielding a +0 giant spiked club (moderately wounded, very poisoned, 75% to hit)
You throw a poisoned dart. The poisoned dart hits the ogre.
The ogre looks as sick as possible!
The ogre is moderately wounded.
Throw: 23 darts (poison)
Press: ? - help, Q - select action, (/) - cycle Shift-Dir - straight line, f/p - ogre
Aim: an ogre, wielding a +0 giant spiked club (moderately wounded, extremely poisoned, 75% to hit)
You throw a poisoned dart. The poisoned dart hits the ogre.
The ogre looks as sick as possible!
The ogre is moderately wounded.
The ogre hits you with a +0 giant spiked club!!
Ouch! That really hurt!
You take 26 damage, and have 21/47 hp.
MASSIVE DAMAGE!!
You are too injured to fight recklessly!
You are too injured to fight recklessly!
There is a stone staircase leading up here.
The ogre hits you with a +0 giant spiked club!!
Ouch! That really hurt!
You die...

#.## ##########
####(.###.........
#....(..#.########
#.....(...........
#.#...#.#.#.#####.
#.#####.#.#.#
#.........###
#######.### #@#.#
#O#.# ####.#.#
#......# #.##.#.#
#....#.# #.##.#.#
########


You could see an ogre (very poisoned).

Vanquished Creatures
  An ogre (D:1)
  A hound (D:3)
  Natasha (twice) (D:3)
  An orc wizard (D:3)
  4 gnolls
  6 adders
  An ooze (D:3)
  3 worms
  4 dart slugs
  A leopard gecko (D:3)
  2 orcs (D:3)
  8 bats
  2 giant cockroaches
  9 goblins
  11 hobgoblins
  6 jackals
  2 quokkas (D:3)
  2 ball pythons
  6 frilled lizards
  10 kobolds
  5 rats
87 creatures vanquished.

Notes
Turn   | Place    | Note
-------+----------+-------------------------------------------
     0 | D:1      | jasper the Demonspawn Brigand began the quest for the Orb.
     0 | D:1      | Reached XP level 1. HP: 16/16 MP: 1/1
    44 | D:1      | Reached skill level 1 in Dodging
    70 | D:1      | Gained mutation: You regenerate a little health from kills.
                  | [demonic ancestry]
    70 | D:1      | Reached XP level 2. HP: 11/22 MP: 2/2
   666 | D:1      | Found a sparkling altar of Nemelex Xobeh.
   918 | D:2      | Noticed an ogre
   939 | D:1      | Killed an ogre
   940 | D:1      | Reached skill level 4 in Stealth
   940 | D:1      | Reached skill level 1 in Unarmed Combat
   940 | D:1      | Gained mutation: Spells you cast may paralyse adjacent
                  | enemies. [demonic ancestry]
   940 | D:1      | Reached XP level 3. HP: 28/28 MP: 3/3
   940 | D:1      | Reached XP level 4. HP: 34/34 MP: 4/4
  1270 | D:2      | Gained mutation: Spells you cast may paralyse nearby
                  | enemies. [demonic ancestry]
  1270 | D:2      | Reached XP level 5. HP: 25/39 MP: 5/5
  2640 | D:3      | Noticed Natasha
  2646 | D:3      | Killed Natasha
  2867 | D:3      | Reached XP level 6. HP: 40/47 MP: 6/6
  2935 | D:3      | Found a sacrificial altar of Ru.
  3326 | D:3      | Noticed Natasha
  3336 | D:3      | Killed Natasha
  3965 | D:4      | Mangled by an ogre

Illustrated notes

Levels and vault maps discovered:
D:1:      mushboom_english_gardens, layout_basic, nemelex_diamond_rough_becter
D:2:      layout_basic, minmay_fractal_squares_gapless_5
D:3:      layout_basic, nicolae_ru_great_annihilating_truth, uniq_natasha
D:4:      layout_basic, kennysheep_mini

Skill      XL: |  1  2  3  4  5  6 |
---------------+-------------------+-----
Dodging        | 1 2 3 |  3.1
Throwing       | 2 3 |  3.0
Stealth        | 4 |  4.1
Unarmed Combat | 1 2 |  2.9
Fighting       | 3 |  3.3
Short Blades   | |  1.7
Shields        | |  0.6

Action                   |  1- 3 |  4- 6 || total
-------------------------+-------+-------++-------
Melee: Dagger            |    63 |   294 ||   357
Throw: Dart              |    11 |    43 ||    54
 Stab: Sleeping          |     2 |     6 ||     8
       Paralysed         |       |     1 ||     1
Armor: Robe              |    14 |     8 ||    22
       Ring mail         |       |   107 ||   107
Dodge: Dodged            |    33 |   161 ||   194
Block: Buckler           |       |    11 ||    11

Table legend: (Time is in decaauts)
 A = Elapsed time spent in this place.
 B = Non-inter-level travel time spent in this place.
 C = Inter-level travel time spent in this place.
 D = Time resting spent in this place.
 E = Time spent auto-exploring this place.
 F = Levels seen in this place.
 G = Mean time per level.
                   A        B        C        D        E       F      G
               +--------+--------+--------+--------+--------+-----+--------+
         Total |   3944 |   3799 |    145 |    786 |   2220 |   4 |  986.0 |
       Dungeon |   3944 |   3799 |    145 |    786 |   2220 |   4 |  986.0 |
               +--------+--------+--------+--------+--------+-----+--------+

Top non-repeatable levels by time:
     D:2: 1394 daAuts
     D:3: 1276 daAuts
     D:1: 1221 daAuts
     D:4: 52 daAuts
